 Dungeon Crawl Stone Soup version 0.24.0-35-gdb84b6a5db (webtiles) character file.

Game seed: 12647738085283243228, levelgen mode: deterministic

9163 dredzog the Cleaver (level 11, 0/95 HPs)
             Began as a Hill Orc Fighter on Nov 15, 2019.
             Was a High Priest of Nemelex Xobeh.
             Slain by an ice devil (17 damage)
             ... summoned by an orc sorcerer
             ... on level 1 of the Orcish Mines on Nov 17, 2019.
             The game lasted 00:44:17 (7200 turns).

dredzog the Cleaver (Hill Orc Fighter)              Turns: 7200, Time: 00:44:18

Health: 0/95       AC: 15    Str: 22    XL:     11   Next: 42%
Magic:  20/20      EV:  9    Int:  8    God:    Nemelex Xobeh [*****.]
Gold:   596        SH: 10    Dex: 11    Spells: 10/10 levels left

rFire    . . .     SeeInvis .   a - +3 war axe
rCold    . . .     Gourm    .   c - +0 shield
rNeg     . . .     Faith    .   b - +1 scale mail
rPois    .         Spirit   .   (helmet restricted)
rElec    .         Reflect  .   d - +0 cloak
rCorr    .         Harm     .   (no gloves)
MR       .....                  q - +0 pair of boots
Stlth    ..........             h - amulet of regeneration
HPRegen  0.65/turn              y - ring of magical power
MPRegen  0.17/turn              (no ring)

@: heavily drained
A: antennae 1, molten scales 1, thin metallic scales 1
a: Draw Escape, Draw Destruction, Draw Summoning, Triple Draw, Deal Four, Stack
Five, Renounce Religion


You were on level 1 of the Orcish Mines.
You worshipped Nemelex Xobeh.
Nemelex Xobeh was extremely pleased with you.
You were not hungry.

You visited 2 branches of the dungeon, and saw 12 of its levels.

You collected 596 gold pieces.

Inventory:

Hand Weapons
 a - a +3 war axe (weapon)
 k - the +6 dagger of the Beast {flame, rPois}
   (You found it on level 5 of the Dungeon)

   It has been specially enchanted to burn those struck by it, causing extra
   injury to most foes and up to half again as much damage against particularly
   susceptible opponents.
   It protects you from poison.
Armour
 b - a +1 scale mail (worn)
 c - a +0 shield (worn)
 d - a +0 cloak (worn)
 q - a +0 pair of boots (worn)
Jewellery
 h - an amulet of regeneration (around neck)
 y - a ring of magical power (left hand)
Wands
 l - a wand of disintegration (14)
 n - a wand of flame (30)
 w - a wand of iceblast (9)
 z - a wand of acid (5)
Scrolls
 g - 6 scrolls of remove curse
 s - 2 scrolls of fog
 v - a scroll of amnesia
 x - 5 scrolls of teleportation
Potions
 e - a potion of berserk rage
 i - a potion of haste
 j - 2 potions of mutation
 m - a potion of brilliance
 o - a potion of agility
 p - 2 potions of ambrosia
 r - a potion of lignification
 t - a potion of flight
 u - a potion of resistance {unknown}
Comestibles
 f - 20 rations


   Skills:
 + Level 8.7(6.3) Fighting
 + Level 14.8(12.0) Axes
 + Level 7.8(5.5) Armour
 + Level 3.7(1.6) Dodging
 + Level 1.4(0.0) Stealth
 + Level 9.0(6.6) Shields


You had 10 spell levels left.
You didn't know any spells.
Your spell library contained the following spells:

 Spells                   Type           Power        Failure   Level  Hunger
 Flame Tongue             Conj/Fire      #....        97%         1    ##.....
 Throw Flame              Conj/Fire      #.....       99%         2    ###....
 Conjure Flame            Conj/Fire      #.......     100%        3    ####...
 Inner Flame              Hex/Fire       #.......     100%        3    ####...
 Sticky Flame             Conj/Fire      #.......     100%        4    #####..
 Fireball                 Conj/Fire      #.........   100%        5    ######.


Dungeon Overview and Level Annotations

Branches:
Dungeon (11/15)            Temple (0/1) D:5            Lair (0/6) D:11
    Orc (1/2) D:11

Altars:
Ashenzari
Dithmenos
Elyvilon
Fedhas
Gozag
Kikubaaqudgha
Makhleb
Nemelex Xobeh
Okawaru
Sif Muna
Uskayaw
Vehumet
Wu Jian
Xom
Yredelemnul
Zin
The Shining One

Annotations:
D:11 2 runed translucent doors, exclusion: orange crystal statue
Orc:1 Josephine, Sonja


Innate Abilities, Weirdness & Mutations

You have a pair of small antennae on your head.
You are partially covered in molten scales. (AC +2)
You are partially covered in thin metallic scales. (AC +2)


Message History

You block Josephine's attack.
The orc sorcerer gestures wildly while chanting.
You closely miss the orc sorcerer.
The orc sorcerer is moderately wounded.
You barely miss the ice devil. You hit Josephine but do no damage.
Your basilisk gazes at Josephine.
Josephine is moving more slowly.
You block Josephine's attack.
A wraith comes into view.
You block the orc sorcerer's attack. The ice devil closely misses you.
You closely miss the orc sorcerer.
The orc sorcerer is moderately wounded.
You slash Josephine! You slash the ice devil!
Your basilisk gazes at Josephine.
Josephine resists with almost no effort.
Josephine hits you but does no damage. You block the orc sorcerer's attack.
The ice devil hits you!
* * * LOW HITPOINT WARNING * * *
The ice devil freezes you!
You die...
Your body glows with a rainbow of weird colours and disappears.

##. #..
##...
#....
...W.#
.>..#####
#@)...##
#l@)...#
#.4o...#
##.....#
.3..###
...###
$.### $.$
####


You could see Josephine (petrifying), an ice devil, a sixfirhy, a wraith, an orc
sorcerer and a friendly basilisk.

Vanquished Creatures
  An unseen horror (D:7)
  Pikel (D:5)
  A mana viper (D:11)
  A centaur skeleton (D:11)
  2 trolls (D:11)
  3 hippogriffs
  2 yaks
  A wraith (D:11)
  A fire bat (D:11)
  2 wargs (Orc:1)
  A water moccasin (D:10)
  7 orc warriors
  An ice beast (D:11)
  A slave (D:5)
  A phantom (D:6)
  3 sky beasts
  3 ogres
  2 centaurs
  A crocodile (D:8)
  2 big kobolds
  4 bullfrogs
  6 scorpions
  9 killer bees
  3 howler monkeys (D:7)
  6 crimson imps
  A bullfrog zombie (D:5)
  4 hounds
  2 jellies (D:9)
  2 bullfrog skeletons
  8 orc priests
  11 orc wizards
  An iron imp (D:7)
  An iguana (D:7)
  10 worker ants
  A hound skeleton (D:7)
  2 worker ant zombies
  5 gnolls
  A howler monkey skeleton (D:4)
  6 adders
  A shadow imp (D:7)
  An ooze (D:3)
  An adder zombie (D:8)
  2 adder skeletons
  3 worms
  A dart slug (D:1)
  4 leopard geckos
  36 orcs
  A ball python (D:1)
  4 bats
  2 giant cockroaches
  6 goblins
  12 hobgoblins
  14 jackals
  5 quokkas
  7 frilled lizards
  16 kobolds
  17 rats
  A spectral orc (D:9)
  A bush (D:7)
255 creatures vanquished.

Vanquished Creatures (collateral kills)
  Erica (Orc:1)
  4 yaks (D:10)
  2 orc warriors
  A wolf (Orc:1)
  4 orc wizards
  2 orcs
  A jackal (Orc:1)
15 creatures vanquished.

Vanquished Creatures (others)
  2 orc warriors (Orc:1)
  2 orc priests (Orc:1)
  2 orc wizards
  2 ball lightnings (Orc:1)
  A giant cockroach (D:5)
9 creatures vanquished.

Grand Total: 279 creatures vanquished

Notes
Turn   | Place    | Note
-------+----------+-------------------------------------------
     0 | D:1      | dredzog the Hill Orc Fighter began the quest for the Orb.
     0 | D:1      | Reached XP level 1. HP: 19/19 MP: 1/1
    37 | D:1      | Reached XP level 2. HP: 21/27 MP: 2/2
   134 | D:1      | Reached skill level 3 in Axes
   284 | D:1      | Reached XP level 3. HP: 33/33 MP: 3/3
   756 | D:2      | Gained mutation: You have a pair of small antennae on your
                  | head. [potion of mutation]
   756 | D:2      | Gained mutation: You are partially covered in molten
                  | scales. (AC +2) [potion of mutation]
   756 | D:2      | Gained mutation: You are partially covered in thin metallic
                  | scales. (AC +2) [potion of mutation]
   962 | D:2      | Found a shadowy altar of Dithmenos.
   964 | D:2      | Found a glowing silver altar of Zin.
   965 | D:2      | Found a sparkling altar of Nemelex Xobeh.
   965 | D:2      | Found a white marble altar of Elyvilon.
   965 | D:2      | Found an opulent altar of Gozag.
   965 | D:2      | Found a shattered altar of Ashenzari.
   972 | D:2      | Became a worshipper of Nemelex Xobeh the Trickster
  1321 | D:3      | Found an ornate altar of the Wu Jian Council.
  1321 | D:3      | Found an ancient bone altar of Kikubaaqudgha.
  1338 | D:3      | Found a hide-covered altar of Uskayaw.
  1364 | D:3      | Received a gift from Nemelex Xobeh
  1366 | D:3      | Reached XP level 4. HP: 23/40 MP: 4/4
  1367 | D:3      | Reached skill level 4 in Axes
  1369 | D:3      | Reached XP level 5. HP: 21/47 MP: 5/5
  1625 | D:3      | Found a radiant altar of Vehumet.
  2055 | D:3      | Reached skill level 5 in Axes
  2093 | D:3      | Found a faded altar of an unknown god.
  2114 | D:3      | Received a gift from Nemelex Xobeh
  2162 | D:3      | Reached * piety under Nemelex Xobeh
  2400 | D:4      | Received a gift from Nemelex Xobeh
  2483 | D:4      | Reached skill level 6 in Axes
  2489 | D:4      | Reached XP level 6. HP: 31/53 MP: 6/6
  2856 | D:5      | Entered Level 5 of the Dungeon
  2865 | D:5      | Reached skill level 1 in Dodging
  2887 | D:5      | Noticed a sky beast
  2893 | D:5      | Reached XP level 7. HP: 55/60 MP: 7/7
  2902 | D:5      | Reached skill level 7 in Axes
  2932 | D:5      | Reached ** piety under Nemelex Xobeh
  2952 | D:5      | Got a dazzling dagger
  2996 | D:5      | Received a gift from Nemelex Xobeh
  3026 | D:5      | Identified the +6 dagger of the Beast {flame, rPois} (You
                  | found it on level 5 of the Dungeon)
  3082 | D:5      | Noticed Pikel
  3092 | D:5      | Killed Pikel
  3092 | D:5      | Reached skill level 5 in Fighting
  3092 | D:5      | Reached skill level 9 in Axes
  3092 | D:5      | Reached skill level 5 in Armour
  3092 | D:5      | Reached skill level 5 in Shields
  3092 | D:5      | Reached XP level 8. HP: 62/68 MP: 8/8
  3097 | D:5      | Found a staircase to the Ecumenical Temple.
  3662 | D:6      | Received a gift from Nemelex Xobeh
  4151 | D:7      | Reached skill level 10 in Axes
  4167 | D:7      | Noticed a hippogriff
  4174 | D:7      | a hippogriff changed into something unseen
  4176 | D:7      | Reached XP level 9. HP: 33/75 MP: 9/9
  4212 | D:7      | Killed an unseen horror
  4212 | D:7      | Reached skill level 11 in Axes
  4359 | D:7      | Reached *** piety under Nemelex Xobeh
  4385 | D:7      | Found a blossoming altar of Fedhas.
  4448 | D:7      | Reached skill level 12 in Axes
  4673 | D:8      | Received a gift from Nemelex Xobeh
  4789 | D:8      | Found an iron altar of Okawaru.
  4794 | D:8      | Reached XP level 10. HP: 84/84 MP: 10/10
  4849 | D:8      | Found a glowing golden altar of the Shining One.
  4974 | D:8      | Found a burning altar of Makhleb.
  4984 | D:8      | Found a shimmering altar of Xom.
  5063 | D:9      | Received a gift from Nemelex Xobeh
  5128 | D:9      | Found a basalt altar of Yredelemnul.
  5181 | D:9      | Upgraded the game from 0.24.0-29-g8ce449bc06 to
                  | 0.24.0-35-gdb84b6a5db
  5363 | D:9      | Reached skill level 13 in Axes
  5513 | D:9      | Found a shimmering blue altar of Sif Muna.
  5853 | D:10     | Entered Level 10 of the Dungeon
  5875 | D:10     | Reached **** piety under Nemelex Xobeh
  6088 | D:10     | Received a gift from Nemelex Xobeh
  6419 | D:11     | Found a runed translucent door.
  6464 | D:11     | Noticed an orange crystal statue
  6472 | D:11     | Found a runed translucent door.
  6482 | D:11     | Found a runed translucent door.
  6498 | D:11     | Found a runed translucent door.
  6576 | D:11     | Reached skill level 1 in Stealth
  6597 | D:11     | Reached skill level 14 in Axes
  6632 | D:11     | Received a gift from Nemelex Xobeh
  6751 | D:11     | Found a staircase to the Lair.
  6765 | D:11     | Reached XP level 11. HP: 87/94 MP: 11/11
  6768 | D:11     | Noticed a manticore
  6771 | D:11     | Noticed a mana viper
  6771 | D:11     | a manticore changed into a mana viper
  6774 | D:11     | Killed a mana viper
  6892 | D:11     | Found a staircase to the Orcish Mines.
  6906 | Orc:1    | Entered Level 1 of the Orcish Mines
  6906 | Orc:1    | Noticed Erica
  6920 | Orc:1    | Killed Erica
  6921 | Orc:1    | Noticed an orc high priest
  7176 | Orc:1    | Noticed an orc warlord
  7178 | Orc:1    | Noticed a satyr
  7178 | Orc:1    | an orc high priest changed into a satyr
  7178 | Orc:1    | Noticed a dire elephant
  7178 | Orc:1    | an orc warlord changed into a dire elephant
  7178 | Orc:1    | Noticed Sonja
  7181 | Orc:1    | Noticed a two-headed ogre
  7185 | Orc:1    | Reached ***** piety under Nemelex Xobeh
  7185 | Orc:1    | Noticed an orc sorcerer
  7193 | Orc:1    | Noticed Josephine
  7199 | Orc:1    | Noticed a sixfirhy
  7200 | Orc:1    | Slain by an ice devil

Levels and vault maps discovered:
D:1:      erik_arrival_orb_chamber, layout_loops_ring
D:2:      layout_loops_ring, grunt_temple_overflow_open
D:3:      layout_loops_corners, minitemple, lemuel_round_altar,
          chequers_ecumenical_altar_twisty, kennysheep_generic_room_7
D:4:      layout_rooms, first_ration
D:5:      layout_rooms, minmay_temple_entry_grid, uniq_pikel
D:6:      layout_cave_pools
D:7:      layout_rooms, fedhas_bush_and_centaur_altar
D:8:      layout_rooms, grunt_temple_overflow_champion_of_chaos,
          old_standard_altar, basic_altar
D:9:      layout_loops_cross, lemuel_doored_altar,
          yredelemnul_forgotten_temple_becter
D:10:     layout_cave_pools
D:11:     layout_rooms, lair_entry_dummy, orc_0_dummy, grunt_livestock,
          minmay_statue_crystal_thing
Orc:1:    layout_diamond_mine, uniq_josephine, uniq_erica, uniq_sonja

Skill      XL: |  1  2  3  4  5  6  7  8  9 10 11 |
---------------+----------------------------------+-----
Fighting       | 4 5 6 8 |  8.7
Axes           | 3 4 6 9 10 12 14 | 14.8
Shields        | 4 5 6 7 8 9 |  9.0
Armour         | 4 5 6 7 |  7.8
Dodging        | 1 2 3 |  3.7
Stealth        | 1 |  1.4

Action                   |  1- 3 |  4- 6 |  7- 9 | 10-12 || total
-------------------------+-------+-------+-------+-------++-------
Melee: War axe           |   136 |   120 |   253 |   261 ||   770
 Abil: Draw Destruction  |       |     3 |    11 |    17 ||    31
       Draw Summoning    |       |     1 |     1 |     4 ||     6
       Draw Escape       |       |       |     1 |       ||     1
Evoke: Wand              |       |       |       |     2 ||     2
  Use: Scroll            |     9 |     7 |    10 |     3 ||    29
       Potion            |     4 |       |     4 |     2 ||    10
  Eat: Ration            |     1 |     1 |     2 |     2 ||     6
       Chunk             |       |     1 |       |       ||     1
Armor: Scale mail        |    46 |    68 |   147 |   107 ||   368
Dodge: Dodged            |    46 |    27 |    79 |    94 ||   246
Block: Shield            |    66 |    58 |   119 |   143 ||   386
